Inferno vs Blackdemons (R1)

Created - 6 mai 2016 at 19:03

Goals
1 2 3 T
Inferno 2 0 1 3
Blackdemons 1 2 1 4
Shots
1 2 3 T
Inferno 11 11 8 30
Blackdemons 11 17 11 39

1st period

1. Blackdemons , Steve Oleksy 1 (Enver Lisin, Steven Zalewski) at 4:14
2. Inferno , Stephane Veilleux 1 (Pavel Vorobiev) at 10:35
3. Inferno , Vladimir Zharkov 1 (Brian Boyle, David Ullstrom) at 17:42

Penalties :
No Penalty

2nd period

4. Blackdemons , Zach Boychuk 1 (Enver Lisin, Patrice Cormier) at 13:37
5. Blackdemons , Richard Park 1 (Mathieu Dandenault) at 14:42

Penalties :
Zach Boychuk (MJM) for Holding (Minor) at 9:35

3rd period

6. Inferno , Cal O'Reilly 1 (Kyle Palmieri) at 9:02
7. Blackdemons , Wayne Primeau 1 (Jakub Kindl, Mathieu Dandenault) at 11:45

Penalties :
Vladimir Sobotka (Anc) for High sticking (Minor) at 0:12, Pavel Vorobiev (Anc) for Charging (Minor) at 3:29, Steve Oleksy (MJM) for Tripping (Minor) at 18:51

Goalie Stats

Josh Harding (Anc), 35 saves from 39 shots - (0,897), L, 0-1-0, 58:53 minutes
Chris Mason (MJM), 27 saves from 30 shots - (0,900), W, 1-0-0, 60:00 minutes

Players Stats for Inferno

Player Name              G  A  P  +/- PIM S  H  SB GA TA FO     MP     PP MP  PK MP  
------------------------------------------------------------------------------------
Anders Lee               0  0  0   0  0   2  2  0  2  0  1/2     9:24   0:23   0:49 
Beau Bennett             0  0  0   0  0   2  1  0  0  0  0/0     8:35   0:23   0:00 
Brendan Mikkelson        0  0  0  -1  0   0  0  0  0  1  0/0    23:59   2:24   2:09 
Brian Boyle              0  1  1  -2  0   6  3  1  1  2  8/14   19:50   0:51   1:17 
Cal O'Reilly             1  0  1   1  0   3  0  0  0  0  4/6    11:18   0:00   1:29 
Christian Folin          0  0  0   1  0   1  0  0  0  0  0/1     9:29   0:00   0:00 
Colby Robak              0  0  0   1  0   0  0  0  0  0  0/0    12:51   0:00   1:49 
David Savard             0  0  0   1  0   2  0  1  0  1  0/0    11:39   0:34   0:00 
David Ullstrom           0  1  1  -2  0   0  0  0  1  1  2/3    19:03   0:55   0:46 
Derek Peltier            0  0  0  -1  0   1  0  2  1  0  0/0    28:57   1:17   2:09 
Jake Dowell              0  0  0   0  0   0  1  0  0  0  0/0     8:12   0:00   0:00 
Kyle Palmieri            0  1  1   1  0   0  0  0  1  0  0/0     9:56   0:27   0:00 
Marc Methot              0  0  0  -1  0   0  0  1  0  2  0/0    24:58   0:42   1:49 
Pavel Vorobiev           0  1  1   0  2   2  0  0  2  0  2/3    19:20   1:49   0:00 
Sami Vatanen             0  0  0  -1  0   0  1  0  0  2  0/0    17:36   1:17   0:00 
Stephane Veilleux        1  0  1   0  0   6  2  0  0  1  0/1    21:39   1:49   2:18 
Vladimir Sobotka         0  0  0   0  2   2  1  1  0  0  12/31  20:57   1:49   1:17 
Vladimir Zharkov         1  0  1  -2  0   3  1  1  1  0  0/0    18:17   0:55   0:00 

Players Stats for Blackdemons

Player Name              G  A  P  +/- PIM S  H  SB GA TA FO     MP     PP MP  PK MP  
------------------------------------------------------------------------------------
Andrew MacDonald         0  0  0  -1  0   2  3  1  1  0  0/0    20:07   1:57   1:26 
Barry Tallackson         0  0  0   0  0   4  3  1  2  2  0/1    20:25   1:57   0:42 
Bryan Rust               0  0  0   0  0   0  0  0  0  0  0/0     1:28   0:08   0:00 
Enver Lisin              0  2  2   3  0   6  4  1  1  0  2/2    22:47   1:53   1:19 
Eric Wellwood            0  0  0  -2  0   3  1  0  1  0  0/0    14:21   0:08   0:35 
Jakub Kindl              0  1  1  -1  0   0  1  2  0  1  0/0    20:12   1:57   1:45 
Jeffrey Foss             0  0  0   2  0   0  0  0  0  2  0/0    11:40   0:00   0:29 
Mathieu Dandenault       0  2  2  -2  0   0  2  0  1  0  2/2    15:42   0:00   1:12 
Matt Hunwick             0  0  0   0  0   3  1  0  1  1  0/0    28:13   2:01   1:12 
Matt Irwin               0  0  0   0  0   5  1  1  2  1  0/0    28:13   2:01   1:12 
Michael Haley            0  0  0   0  0   0  2  0  0  0  0/2    19:43   1:57   0:00 
Patrice Cormier          0  1  1   2  0   1  0  0  0  0  19/26  16:24   0:00   0:59 
Richard Park             1  0  1   1  0   1  0  0  0  0  0/1     7:28   0:00   1:12 
Shawn Matthias           0  0  0   0  0   4  0  0  0  0  5/15   19:47   1:53   0:00 
Steve Oleksy             1  0  1   2  2   1  0  0  1  1  0/0    11:27   0:00   0:03 
Steven Zalewski          0  1  1   1  0   0  0  0  0  1  1/3     5:44   0:00   0:22 
Wayne Primeau            1  0  1  -2  0   5  1  0  0  0  3/8    15:09   2:05   0:00 
Zach Boychuk             1  0  1   2  2   4  1  1  0  0  0/1    18:01   1:53   0:00 

3 Stars

1 - Enver Lisin (MJM)
2 - Zach Boychuk (MJM)
3 - Richard Park (MJM)

Power Play

Inferno - 0 on 2 Attempt(s) - 0,00%
Blackdemons - 0 on 2 Attempt(s) - 0,00%

Penalty Kill

Inferno - 2 on 2 Attempt(s) - 100,00% - Score 0 goal in Penalty Kill
Blackdemons - 2 on 2 Attempt(s) - 100,00% - Score 0 goal in Penalty Kill

Team Stat

Inferno - Hits : 12 - Faceoff Wins : 29 - Blocked Shots : 7 - Penalty Minutes : 4
Blackdemons - Hits : 20 - Faceoff Wins : 32 - Blocked Shots : 7 - Penalty Minutes : 4

Official

Referees : Meier Brad and Auger Stephane
Linesman : Pierre Racicot and Mike Cvik

Game Notes

4:04 of 3rd period - Blackdemons goal is going for a video replay. After video review, No Goal. The goalkeeper has been pushed into the net together with the puck after making a save.

Finance

Level 1 -- Attendance: 1779 (88,95%) -- Ticket Income 53 370 $
Level 2 -- Attendance: 794 (79,40%) -- Ticket Income 7 940 $
Total Attendance: 2573 (85,77%)
Total Ticket Income: 61 310 $
Other Income: 3 066 $
Total Income: 64 376 $

Inferno

5 vs 5 Forward 
   Center                   Left Wing                Right Wing               Time % Phy DF OF 
 1 Vladimir Sobotka         Stephane Veilleux        Pavel Vorobiev           40     1   2  2  
 2 Brian Boyle              David Ullstrom           Vladimir Zharkov         30     1   2  2  
 3 Cal O'Reilly             Christian Folin          Kyle Palmieri            20     1   2  2  
 4 Anders Lee               Jake Dowell              Beau Bennett             10     1   2  2  

5 vs 5 Defense 
   Defense                  Defense                                           Time % Phy DF OF 
 1 Brendan Mikkelson        Derek Peltier                                     40     1   2  2  
 2 Marc Methot              Sami Vatanen                                      30     1   2  2  
 3 David Savard             Colby Robak                                       20     1   2  2  
 4 Marc Methot              Derek Peltier                                     10     1   2  2  

PowerPlay Forward 
   Center                   Left Wing                Right Wing               Time % Phy DF OF 
 1 Vladimir Sobotka         Stephane Veilleux        Pavel Vorobiev           60     1   1  3  
 2 Brian Boyle              David Ullstrom           Vladimir Zharkov         40     1   1  3  

PowerPlay Defense
   Defense                  Defense                                           Time % Phy DF OF 
 1 Brendan Mikkelson        Derek Peltier                                     60     1   1  3  
 2 Marc Methot              Sami Vatanen                                      40     1   1  3  

Penalty Kill 4 Players Forward 
   Center                   Wing                     Time % Phy DF OF 
 1 Vladimir Sobotka         Stephane Veilleux        60     1   3  1  
 2 Brian Boyle              Pavel Vorobiev           40     1   3  1  

Penalty Kill 4 Players Defense
   Defense                  Defense                  Time % Phy DF OF 
 1 Brendan Mikkelson        Derek Peltier            60     1   3  1  
 2 Marc Methot              Colby Robak              40     1   3  1  

Penalty Kill - 3 Players Forward 
   Forward                                           Time % Phy DF OF 
 1 Vladimir Sobotka                                  60     1   2  2  
 2 Brian Boyle                                       40     1   2  2  

Penalty Kill - 3 Players Defense
   Defense                  Defense                  Time % Phy DF OF 
 1 Brendan Mikkelson        Derek Peltier            60     1   2  2  
 2 Marc Methot              Colby Robak              40     1   2  2  

4 vs 4 Forward 
   Center                   Wing                     Time % Phy DF OF 
 1 Vladimir Sobotka         Stephane Veilleux        60     1   2  2  
 2 Brian Boyle              Pavel Vorobiev           40     1   2  2  

4 vs 4 Defense
   Defense                  Defense                  Time % Phy DF OF 
 1 Brendan Mikkelson        Derek Peltier            60     1   2  2  
 2 Marc Methot              Sami Vatanen             40     1   2  2  

Last Minutes Offensive
   Center                   Left Wing                Right Wing               Defense                  Defense                  
   Vladimir Sobotka         Stephane Veilleux        Pavel Vorobiev           Brendan Mikkelson        Derek Peltier            

Last Minutes Defensive
   Center                   Left Wing                Right Wing               Defense                  Defense                  
   Vladimir Sobotka         Stephane Veilleux        Pavel Vorobiev           Brendan Mikkelson        Derek Peltier            

Goaltenders
Starting : Josh Harding             
Backup : Michael Hutchinson       

Extra Forwards
Normal : Vladimir Zharkov, Cal O'Reilly, David Ullstrom - PP : Vladimir Zharkov, Kyle Palmieri - PK : Cal O'Reilly
Extra Defensemen
Normal : Colby Robak, David Savard, Marc Methot - PP : David Savard - PK : Colby Robak, Marc Methot
Penalty Shots
Stephane Veilleux, Pavel Vorobiev, Vladimir Sobotka, Brian Boyle, Vladimir Zharkov

Blackdemons

5 vs 5 Forward 
   Center                   Left Wing                Right Wing               Time % Phy DF OF 
 1 Patrice Cormier          Zach Boychuk             Enver Lisin              40     1   2  2  
 2 Shawn Matthias           Michael Haley            Barry Tallackson         30     1   2  2  
 3 Wayne Primeau            Eric Wellwood            Mathieu Dandenault       20     1   2  2  
 4 Steven Zalewski          Enver Lisin              Richard Park             10     1   2  2  

5 vs 5 Defense 
   Defense                  Defense                                           Time % Phy DF OF 
 1 Matt Hunwick             Matt Irwin                                        40     1   2  2  
 2 Jakub Kindl              Andrew MacDonald                                  30     1   2  2  
 3 Steve Oleksy             Jeffrey Foss                                      20     1   2  2  
 4 Matt Hunwick             Matt Irwin                                        10     1   2  2  

PowerPlay Forward 
   Center                   Left Wing                Right Wing               Time % Phy DF OF 
 1 Shawn Matthias           Zach Boychuk             Enver Lisin              60     1   2  2  
 2 Wayne Primeau            Michael Haley            Barry Tallackson         40     1   2  2  

PowerPlay Defense
   Defense                  Defense                                           Time % Phy DF OF 
 1 Matt Hunwick             Matt Irwin                                        60     1   2  2  
 2 Jakub Kindl              Andrew MacDonald                                  40     1   2  2  

Penalty Kill 4 Players Forward 
   Center                   Wing                     Time % Phy DF OF 
 1 Enver Lisin              Barry Tallackson         60     1   2  2  
 2 Mathieu Dandenault       Richard Park             40     1   2  2  

Penalty Kill 4 Players Defense
   Defense                  Defense                  Time % Phy DF OF 
 1 Matt Hunwick             Matt Irwin               60     1   2  2  
 2 Jakub Kindl              Andrew MacDonald         40     1   2  2  

Penalty Kill - 3 Players Forward 
   Forward                                           Time % Phy DF OF 
 1 Enver Lisin                                       60     1   2  2  
 2 Barry Tallackson                                  40     1   2  2  

Penalty Kill - 3 Players Defense
   Defense                  Defense                  Time % Phy DF OF 
 1 Matt Hunwick             Matt Irwin               60     1   2  2  
 2 Jakub Kindl              Andrew MacDonald         40     1   2  2  

4 vs 4 Forward 
   Center                   Wing                     Time % Phy DF OF 
 1 Enver Lisin              Barry Tallackson         60     1   2  2  
 2 Mathieu Dandenault       Richard Park             40     1   2  2  

4 vs 4 Defense
   Defense                  Defense                  Time % Phy DF OF 
 1 Matt Hunwick             Matt Irwin               60     1   2  2  
 2 Jakub Kindl              Andrew MacDonald         40     1   2  2  

Last Minutes Offensive
   Center                   Left Wing                Right Wing               Defense                  Defense                  
   Shawn Matthias           Zach Boychuk             Enver Lisin              Matt Hunwick             Matt Irwin               

Last Minutes Defensive
   Center                   Left Wing                Right Wing               Defense                  Defense                  
   Shawn Matthias           Zach Boychuk             Enver Lisin              Matt Hunwick             Matt Irwin               

Goaltenders
Starting : Chris Mason              
Backup : Andrew Hammond           

Extra Forwards
Normal : Bryan Rust, Eric Wellwood, Patrice Cormier - PP : Bryan Rust, Eric Wellwood - PK : Patrice Cormier
Extra Defensemen
Normal : Steve Oleksy, Jeffrey Foss, Jakub Kindl - PP : Steve Oleksy - PK : Jeffrey Foss, Jakub Kindl
Penalty Shots
Enver Lisin, Barry Tallackson, Mathieu Dandenault, Richard Park, Shawn Matthias

% Time on Ice - Inferno

Lines # - Real PCT - Wanted PCT - Time Play
Normal Forward
1 - 34% - 40% - 17:49
2 - 33% - 30% - 17:22
3 - 18% - 20% - 9:29
4 - 16% - 10% - 8:12
Normal Defense
1 - 36% - 40% - 18:48
2 - 30% - 30% - 15:44
3 - 22% - 20% - 11:37
4 - 13% - 10% - 6:43
PP Forward
1 - 71% - 60% - 2:12
2 - 29% - 40% - 0:55
PP Defense
1 - 59% - 60% - 1:50
2 - 41% - 40% - 1:17
PK Forward
1 - 82% - 60% - 3:16
2 - 18% - 40% - 0:42
PK Defense
1 - 54% - 60% - 2:09
2 - 46% - 40% - 1:49
PK3 Forward
1 - 0% - 60%
2 - 0% - 40%
PK3 Defense
1 - 0% - 60%
2 - 0% - 40%
44 Forward
1 - 0% - 60%
2 - 0% - 40%
44 Defense
1 - 0% - 60%
2 - 0% - 40%
Last Minute Offensive  - 0:03
Last Minute Defensive  - 0:00
Total
Forward - 60:00
Defense - 60:00

% Time on Ice - Blackdemons

Lines # - Real PCT - Wanted PCT - Time Play
Normal Forward
1 - 29% - 40% - 15:31
2 - 35% - 30% - 18:42
3 - 25% - 20% - 13:20
4 - 10% - 10% - 5:22
Normal Defense
1 - 42% - 40% - 22:24
2 - 31% - 30% - 16:30
3 - 21% - 20% - 11:11
4 - 5% - 10% - 2:50
PP Forward
1 - 47% - 60% - 1:53
2 - 53% - 40% - 2:05
PP Defense
1 - 51% - 60% - 2:01
2 - 49% - 40% - 1:57
PK Forward
1 - 58% - 60% - 1:48
2 - 42% - 40% - 1:19
PK Defense
1 - 40% - 60% - 1:15
2 - 60% - 40% - 1:52
PK3 Forward
1 - 0% - 60%
2 - 0% - 40%
PK3 Defense
1 - 0% - 60%
2 - 0% - 40%
44 Forward
1 - 0% - 60%
2 - 0% - 40%
44 Defense
1 - 0% - 60%
2 - 0% - 40%
Last Minute Offensive  - 0:00
Last Minute Defensive  - 0:00
Total
Forward - 60:00
Defense - 60:00

Play by Play

1st period


0:01 of 1st period - Patrice Cormier wins face-off versus Vladimir Sobotka in neutral zone.
0:30 of 1st period - Snap shot by Barry Tallackson.
0:30 of 1st period - Stopped by Josh Harding without a rebound.
0:31 of 1st period - Shawn Matthias wins face-off versus Brian Boyle in Inferno zone.
0:57 of 1st period - Christian Folin is hit by Eric Wellwood and loses puck.
1:24 of 1st period - Steven Zalewski is hit by Anders Lee.
2:44 of 1st period - Icing by Jakub Kindl.
2:45 of 1st period - Shawn Matthias wins face-off versus Anders Lee in Blackdemons zone.
2:58 of 1st period - Snap shot by Enver Lisin.
2:58 of 1st period - Stopped by Josh Harding with a rebound.
3:18 of 1st period - Wrist shot by Zach Boychuk.
3:18 of 1st period - Stopped by Josh Harding without a rebound.
3:19 of 1st period - Mathieu Dandenault wins face-off versus Vladimir Sobotka in Inferno zone.
4:06 of 1st period - Icing by Derek Peltier.
4:07 of 1st period - Steven Zalewski wins face-off versus Brian Boyle in Inferno zone.
4:10 of 1st period - Wrist shot by Enver Lisin.
4:10 of 1st period - Stopped by Josh Harding with a rebound.
4:12 of 1st period - Slapshot by Enver Lisin.
4:12 of 1st period - Shot Misses the Net.
4:14 of 1st period - Slapshot by Steve Oleksy.
4:14 of 1st period - Goal by Steve Oleksy - Inferno : 0 - Blackdemons : 1.
4:15 of 1st period - Vladimir Sobotka wins face-off versus Patrice Cormier in neutral zone.
4:28 of 1st period - Vladimir Sobotka is hit by Enver Lisin and loses puck.
4:50 of 1st period - Snap shot by Kyle Palmieri.
4:50 of 1st period - Shot Blocked by Barry Tallackson.
6:03 of 1st period - Wrist shot by Beau Bennett.
6:03 of 1st period - Shot Misses the Net.
6:19 of 1st period - Snap shot by Barry Tallackson.
6:19 of 1st period - Shot Misses the Net.
6:25 of 1st period - Michael Haley is hit by Beau Bennett.
6:38 of 1st period - Wrist shot by Barry Tallackson.
6:38 of 1st period - Stopped by Josh Harding without a rebound.
6:39 of 1st period - Enver Lisin wins face-off versus Vladimir Sobotka in Inferno zone.
6:52 of 1st period - Snap shot by Zach Boychuk.
6:52 of 1st period - Deflect By Enver Lisin.
6:52 of 1st period - Stopped by Josh Harding with a rebound.
7:04 of 1st period - Pavel Vorobiev is hit by Jakub Kindl and loses puck.
7:14 of 1st period - Slapshot by Matt Hunwick.
7:14 of 1st period - Stopped by Josh Harding with a rebound.
8:18 of 1st period - Off-side.
8:19 of 1st period - Cal O'Reilly wins face-off versus Steven Zalewski in neutral zone.
8:26 of 1st period - Snap shot by Cal O'Reilly.
8:26 of 1st period - Shot Misses the Net.
8:28 of 1st period - Slapshot by Kyle Palmieri.
8:28 of 1st period - Deflect By Cal O'Reilly.
8:28 of 1st period - Stopped by Chris Mason with a rebound.
8:30 of 1st period - Slapshot by David Savard.
8:30 of 1st period - Stopped by Chris Mason with a rebound.
8:32 of 1st period - Wrist shot by Kyle Palmieri.
8:32 of 1st period - Shot Misses the Net.
8:34 of 1st period - Slapshot by David Savard.
8:34 of 1st period - Shot Blocked by Matt Irwin.
8:48 of 1st period - Slapshot by Matt Irwin.
8:48 of 1st period - Shot Misses the Net.
8:50 of 1st period - Slapshot by Matt Hunwick.
8:50 of 1st period - Deflect By Vladimir Sobotka.
8:50 of 1st period - Stopped by Josh Harding without a rebound.
8:51 of 1st period - Pavel Vorobiev wins face-off versus Wayne Primeau in Inferno zone.
10:19 of 1st period - Snap shot by Stephane Veilleux.
10:19 of 1st period - Stopped by Chris Mason without a rebound.
10:20 of 1st period - Wayne Primeau wins face-off versus Pavel Vorobiev in Blackdemons zone.
10:35 of 1st period - Snap shot by Stephane Veilleux.
10:35 of 1st period - Goal by Stephane Veilleux - Inferno : 1 - Blackdemons : 1.
10:36 of 1st period - Patrice Cormier wins face-off versus Vladimir Sobotka in neutral zone.
10:46 of 1st period - Off-side.
10:47 of 1st period - Vladimir Sobotka wins face-off versus Patrice Cormier in neutral zone.
11:00 of 1st period - Wrist shot by Enver Lisin.
11:00 of 1st period - Shot Misses the Net.
11:23 of 1st period - Snap shot by Brian Boyle.
11:23 of 1st period - Stopped by Chris Mason with a rebound.
11:35 of 1st period - Slapshot by Beau Bennett.
11:35 of 1st period - Shot Misses the Net.
11:41 of 1st period - Anders Lee is hit by Wayne Primeau and loses puck.
11:46 of 1st period - Backhand shot by Wayne Primeau.
11:46 of 1st period - Stopped by Josh Harding with a rebound.
12:27 of 1st period - Icing by Vladimir Sobotka.
12:28 of 1st period - David Ullstrom wins face-off versus Shawn Matthias in Inferno zone.
12:41 of 1st period - Snap shot by Brian Boyle.
12:41 of 1st period - Stopped by Chris Mason with a rebound.
12:53 of 1st period - Snap shot by Matt Irwin.
12:53 of 1st period - Shot Misses the Net.
14:22 of 1st period - Snap shot by Shawn Matthias.
14:22 of 1st period - Shot Misses the Net.
14:24 of 1st period - Slapshot by Shawn Matthias.
14:24 of 1st period - Shot Misses the Net.
14:34 of 1st period - Marc Methot is hit by Enver Lisin.
14:56 of 1st period - Vladimir Zharkov is hit by Michael Haley and loses puck.
15:15 of 1st period - Derek Peltier is hit by Mathieu Dandenault and loses puck.
15:25 of 1st period - Off-side.
15:26 of 1st period - Vladimir Sobotka wins face-off versus Steven Zalewski in neutral zone.
17:08 of 1st period - Snap shot by Vladimir Sobotka.
17:08 of 1st period - Stopped by Chris Mason without a rebound.
17:09 of 1st period - Vladimir Sobotka wins face-off versus Shawn Matthias in Blackdemons zone.
17:10 of 1st period - Snap shot by Stephane Veilleux.
17:10 of 1st period - Stopped by Chris Mason with a rebound.
17:12 of 1st period - Wrist shot by Vladimir Sobotka.
17:12 of 1st period - Stopped by Chris Mason with a rebound.
17:42 of 1st period - Snap shot by Vladimir Zharkov.
17:42 of 1st period - Goal by Vladimir Zharkov - Inferno : 2 - Blackdemons : 1.
17:43 of 1st period - Patrice Cormier wins face-off versus Vladimir Sobotka in neutral zone.
18:08 of 1st period - Michael Haley is hit by Brian Boyle.
18:30 of 1st period - Slapshot by Mathieu Dandenault.
18:30 of 1st period - Shot Blocked by David Savard.
18:32 of 1st period - Wrist shot by Mathieu Dandenault.
18:32 of 1st period - Shot Misses the Net.
18:34 of 1st period - Slapshot by Eric Wellwood.
18:34 of 1st period - Stopped by Josh Harding without a rebound.
18:35 of 1st period - Patrice Cormier wins face-off versus Vladimir Sobotka in Inferno zone.
18:38 of 1st period - Snap shot by Enver Lisin.
18:38 of 1st period - Shot Misses the Net.
18:44 of 1st period - Snap shot by Pavel Vorobiev.
18:44 of 1st period - Shot Misses the Net.
19:20 of 1st period - Wrist shot by Wayne Primeau.
19:20 of 1st period - Shot Misses the Net.
19:46 of 1st period - Snap shot by Anders Lee.
19:46 of 1st period - Stopped by Chris Mason with a rebound.
Goals for this period are 2 for Inferno vs 1 for Blackdemons.
Shots for this period are 11 for Inferno vs 11 for Blackdemons.

2nd period


0:01 of 2nd period - Patrice Cormier wins face-off versus Vladimir Sobotka in neutral zone.
0:58 of 2nd period - Backhand shot by Wayne Primeau.
0:58 of 2nd period - Shot Misses the Net.
1:42 of 2nd period - Snap shot by Pavel Vorobiev.
1:42 of 2nd period - Stopped by Chris Mason without a rebound.
1:43 of 2nd period - Patrice Cormier wins face-off versus Vladimir Sobotka in Blackdemons zone.
1:52 of 2nd period - Wrist shot by Enver Lisin.
1:52 of 2nd period - Shot Misses the Net.
1:58 of 2nd period - Snap shot by Pavel Vorobiev.
1:58 of 2nd period - Shot Misses the Net.
2:00 of 2nd period - Slapshot by Stephane Veilleux.
2:00 of 2nd period - Shot Misses the Net.
2:20 of 2nd period - Snap shot by Stephane Veilleux.
2:20 of 2nd period - Stopped by Chris Mason without a rebound.
2:21 of 2nd period - Patrice Cormier wins face-off versus David Ullstrom in Blackdemons zone.
2:46 of 2nd period - David Savard is hit by Matt Hunwick.
4:31 of 2nd period - Wrist shot by Shawn Matthias.
4:31 of 2nd period - Stopped by Josh Harding with a rebound.
4:35 of 2nd period - Wrist shot by Shawn Matthias.
4:35 of 2nd period - Shot Misses the Net.
5:12 of 2nd period - Snap shot by Mathieu Dandenault.
5:12 of 2nd period - Shot Blocked by Brian Boyle.
5:21 of 2nd period - Icing by Colby Robak.
5:22 of 2nd period - Brian Boyle wins face-off versus Michael Haley in Inferno zone.
5:22 of 2nd period - Brian Boyle is hit by Barry Tallackson.
5:28 of 2nd period - David Savard is hit by Barry Tallackson.
5:59 of 2nd period - Snap shot by Mathieu Dandenault.
5:59 of 2nd period - Shot Misses the Net.
6:31 of 2nd period - Slapshot by Matt Irwin.
6:31 of 2nd period - Stopped by Josh Harding with a rebound.
6:33 of 2nd period - Slapshot by Wayne Primeau.
6:33 of 2nd period - Stopped by Josh Harding with a rebound.
6:35 of 2nd period - Snap shot by Eric Wellwood.
6:35 of 2nd period - Shot Misses the Net.
6:37 of 2nd period - Snap shot by Wayne Primeau.
6:37 of 2nd period - Deflect By Eric Wellwood.
6:37 of 2nd period - Stopped by Josh Harding with a rebound.
6:41 of 2nd period - Snap shot by Mathieu Dandenault.
6:41 of 2nd period - Deflect By Eric Wellwood.
6:41 of 2nd period - Stopped by Josh Harding with a rebound.
6:43 of 2nd period - Wrist shot by Wayne Primeau.
6:43 of 2nd period - Shot Misses the Net.
6:45 of 2nd period - Slapshot by Matt Hunwick.
6:45 of 2nd period - Stopped by Josh Harding without a rebound.
6:46 of 2nd period - Patrice Cormier wins face-off versus Vladimir Sobotka in Inferno zone.
6:53 of 2nd period - Snap shot by Zach Boychuk.
6:53 of 2nd period - Stopped by Josh Harding with a rebound.
6:57 of 2nd period - Snap shot by Zach Boychuk.
6:57 of 2nd period - Shot Misses the Net.
6:59 of 2nd period - Snap shot by Patrice Cormier.
6:59 of 2nd period - Shot Misses the Net.
7:01 of 2nd period - Snap shot by Zach Boychuk.
7:01 of 2nd period - Deflect By Enver Lisin.
7:01 of 2nd period - Shot Blocked by Marc Methot.
7:01 of 2nd period - Puck is out of play.
7:02 of 2nd period - Patrice Cormier wins face-off versus Brian Boyle in Inferno zone.
7:35 of 2nd period - Snap shot by Stephane Veilleux.
7:35 of 2nd period - Shot Blocked by Jakub Kindl.
8:00 of 2nd period - Andrew MacDonald is hit by Anders Lee.
8:25 of 2nd period - Snap shot by Shawn Matthias.
8:25 of 2nd period - Stopped by Josh Harding with a rebound.
9:35 of 2nd period - Minor Penalty to Zach Boychuk for Holding.
9:36 of 2nd period - Enver Lisin wins face-off versus Vladimir Sobotka in Blackdemons zone.
9:36 of 2nd period - Enver Lisin is hit by Stephane Veilleux.
10:13 of 2nd period - Slapshot by Derek Peltier.
10:13 of 2nd period - Stopped by Chris Mason with a rebound.
10:15 of 2nd period - Slapshot by Derek Peltier.
10:15 of 2nd period - Shot Blocked by Enver Lisin.
10:17 of 2nd period - Snap shot by Brendan Mikkelson.
10:17 of 2nd period - Deflect By Brian Boyle.
10:17 of 2nd period - Stopped by Chris Mason with a rebound.
11:35 of 2nd period - Penalty to Zach Boychuk is over, Zach Boychuk is back on ice.
12:28 of 2nd period - Slapshot by Beau Bennett.
12:28 of 2nd period - Stopped by Chris Mason without a rebound.
12:29 of 2nd period - Shawn Matthias wins face-off versus Cal O'Reilly in Blackdemons zone.
12:42 of 2nd period - Slapshot by Matt Irwin.
12:42 of 2nd period - Stopped by Josh Harding without a rebound.
12:43 of 2nd period - Vladimir Sobotka wins face-off versus Shawn Matthias in Inferno zone.
12:48 of 2nd period - Slapshot by Derek Peltier.
12:48 of 2nd period - Shot Blocked by Andrew MacDonald.
12:50 of 2nd period - Wrist shot by Pavel Vorobiev.
12:50 of 2nd period - Shot Misses the Net.
12:52 of 2nd period - Snap shot by Derek Peltier.
12:52 of 2nd period - Deflect By Vladimir Sobotka.
12:52 of 2nd period - Shot Blocked by Jakub Kindl.
12:52 of 2nd period - Puck is out of play.
12:53 of 2nd period - Vladimir Sobotka wins face-off versus Michael Haley in Blackdemons zone.
12:54 of 2nd period - Wrist shot by Stephane Veilleux.
12:54 of 2nd period - Shot Misses the Net.
13:00 of 2nd period - Snap shot by Stephane Veilleux.
13:00 of 2nd period - Stopped by Chris Mason without a rebound.
13:01 of 2nd period - Patrice Cormier wins face-off versus Vladimir Sobotka in Blackdemons zone.
13:01 of 2nd period - Patrice Cormier is hit by Vladimir Sobotka.
13:09 of 2nd period - Slapshot by Matt Irwin.
13:09 of 2nd period - Shot Blocked by Derek Peltier.
13:29 of 2nd period - Slapshot by Shawn Matthias.
13:29 of 2nd period - Shot Blocked by Vladimir Zharkov.
13:31 of 2nd period - Slapshot by Barry Tallackson.
13:31 of 2nd period - Shot Misses the Net.
13:33 of 2nd period - Slapshot by Matt Irwin.
13:33 of 2nd period - Stopped by Josh Harding with a rebound.
13:35 of 2nd period - Snap shot by Barry Tallackson.
13:35 of 2nd period - Stopped by Josh Harding without a rebound.
13:36 of 2nd period - Patrice Cormier wins face-off versus Vladimir Sobotka in Inferno zone.
13:37 of 2nd period - Snap shot by Enver Lisin.
13:37 of 2nd period - Deflect By Zach Boychuk.
13:37 of 2nd period - Goal by Zach Boychuk - Inferno : 2 - Blackdemons : 2.
13:38 of 2nd period - Patrice Cormier wins face-off versus Vladimir Sobotka in neutral zone.
13:45 of 2nd period - Snap shot by Enver Lisin.
13:45 of 2nd period - Deflect By Zach Boychuk.
13:45 of 2nd period - Shot Misses the Net.
13:45 of 2nd period - Puck is out of play.
13:46 of 2nd period - Patrice Cormier wins face-off versus Stephane Veilleux in Inferno zone.
14:14 of 2nd period - Slapshot by Matt Irwin.
14:14 of 2nd period - Stopped by Josh Harding without a rebound.
14:15 of 2nd period - Shawn Matthias wins face-off versus Brian Boyle in Inferno zone.
14:42 of 2nd period - Slapshot by Richard Park.
14:42 of 2nd period - Goal by Richard Park - Inferno : 2 - Blackdemons : 3.
14:43 of 2nd period - Patrice Cormier wins face-off versus Vladimir Sobotka in neutral zone.
15:08 of 2nd period - Barry Tallackson is hit by Vladimir Zharkov and loses puck.
15:17 of 2nd period - Snap shot by David Ullstrom.
15:17 of 2nd period - Shot Misses the Net.
15:27 of 2nd period - Snap shot by Beau Bennett.
15:27 of 2nd period - Stopped by Chris Mason without a rebound.
15:28 of 2nd period - Anders Lee wins face-off versus Wayne Primeau in Blackdemons zone.
15:29 of 2nd period - Snap shot by Beau Bennett.
15:29 of 2nd period - Shot Misses the Net.
16:24 of 2nd period - Snap shot by Brian Boyle.
16:24 of 2nd period - Stopped by Chris Mason without a rebound.
16:25 of 2nd period - Brian Boyle wins face-off versus Wayne Primeau in Blackdemons zone.
16:32 of 2nd period - Snap shot by Vladimir Zharkov.
16:32 of 2nd period - Stopped by Chris Mason without a rebound.
16:33 of 2nd period - Brian Boyle wins face-off versus Wayne Primeau in Blackdemons zone.
16:34 of 2nd period - Snap shot by Vladimir Zharkov.
16:34 of 2nd period - Stopped by Chris Mason with a rebound.
16:44 of 2nd period - Icing by Brian Boyle.
16:45 of 2nd period - Patrice Cormier wins face-off versus Brian Boyle in Inferno zone.
16:48 of 2nd period - Snap shot by Enver Lisin.
16:48 of 2nd period - Stopped by Josh Harding without a rebound.
16:49 of 2nd period - Vladimir Sobotka wins face-off versus Patrice Cormier in Inferno zone.
17:02 of 2nd period - Snap shot by Zach Boychuk.
17:02 of 2nd period - Stopped by Josh Harding with a rebound.
17:04 of 2nd period - Wrist shot by Patrice Cormier.
17:04 of 2nd period - Shot Misses the Net.
17:49 of 2nd period - Snap shot by Anders Lee.
17:49 of 2nd period - Stopped by Chris Mason with a rebound.
17:57 of 2nd period - Snap shot by Andrew MacDonald.
17:57 of 2nd period - Shot Misses the Net.
17:59 of 2nd period - Snap shot by Mathieu Dandenault.
17:59 of 2nd period - Shot Hit the Post.
18:37 of 2nd period - Wrist shot by Wayne Primeau.
18:37 of 2nd period - Deflect By Stephane Veilleux.
18:37 of 2nd period - Shot Blocked by Vladimir Sobotka.
18:37 of 2nd period - Puck is out of play.
18:38 of 2nd period - Brian Boyle wins face-off versus Patrice Cormier in Inferno zone.
19:03 of 2nd period - Derek Peltier is hit by Matt Irwin and loses puck.
19:22 of 2nd period - Snap shot by Enver Lisin.
19:22 of 2nd period - Stopped by Josh Harding with a rebound.
19:49 of 2nd period - Off-side.
19:50 of 2nd period - Cal O'Reilly wins face-off versus Zach Boychuk in neutral zone.
Goals for this period are 0 for Inferno vs 2 for Blackdemons.
Shots for this period are 11 for Inferno vs 17 for Blackdemons.

3rd period


0:01 of 3rd period - Vladimir Sobotka wins face-off versus Patrice Cormier in neutral zone.
0:03 of 3rd period - Off-side.
0:04 of 3rd period - Patrice Cormier wins face-off versus Vladimir Sobotka in neutral zone.
0:12 of 3rd period - Minor Penalty to Vladimir Sobotka for High sticking.
0:13 of 3rd period - Shawn Matthias wins face-off versus Cal O'Reilly in Inferno zone.
0:15 of 3rd period - Snap shot by Enver Lisin.
0:15 of 3rd period - Shot Misses the Net.
0:33 of 3rd period - Cal O'Reilly is hit by Enver Lisin and loses puck.
1:33 of 3rd period - David Ullstrom is hit by Enver Lisin and loses puck.
2:12 of 3rd period - Penalty to Vladimir Sobotka is over, Vladimir Sobotka is back on ice.
2:18 of 3rd period - Derek Peltier is hit by Andrew MacDonald and loses puck.
2:37 of 3rd period - Snap shot by Eric Wellwood.
2:37 of 3rd period - Shot Misses the Net.
3:04 of 3rd period - Icing by Brendan Mikkelson.
3:05 of 3rd period - Cal O'Reilly wins face-off versus Shawn Matthias in Inferno zone.
3:29 of 3rd period - Minor Penalty to Pavel Vorobiev for Charging.
3:30 of 3rd period - Vladimir Sobotka wins face-off versus Shawn Matthias in Inferno zone.
4:02 of 3rd period - Slapshot by Matt Irwin.
4:02 of 3rd period - Deflect By Barry Tallackson.
4:02 of 3rd period - Stopped by Josh Harding with a rebound.
4:04 of 3rd period - Snap shot by Andrew MacDonald.
4:04 of 3rd period - Blackdemons goal is going for a video replay.
4:04 of 3rd period - The goal is refused. The goalkeeper has been pushed into the net together with the puck after making a save..
4:05 of 3rd period - Wayne Primeau wins face-off versus Brian Boyle in Inferno zone.
5:03 of 3rd period - Snap shot by Michael Haley.
5:03 of 3rd period - Deflect By Barry Tallackson.
5:03 of 3rd period - Shot Misses the Net.
5:03 of 3rd period - Puck is out of play.
5:04 of 3rd period - Brian Boyle wins face-off versus Shawn Matthias in Inferno zone.
5:17 of 3rd period - Slapshot by Matt Irwin.
5:17 of 3rd period - Shot Misses the Net.
5:19 of 3rd period - Snap shot by Shawn Matthias.
5:19 of 3rd period - Stopped by Josh Harding without a rebound.
5:20 of 3rd period - Vladimir Sobotka wins face-off versus Shawn Matthias in Inferno zone.
5:29 of 3rd period - Penalty to Pavel Vorobiev is over, Pavel Vorobiev is back on ice.
5:33 of 3rd period - Snap shot by Zach Boychuk.
5:33 of 3rd period - Shot Misses the Net.
6:41 of 3rd period - Slapshot by Pavel Vorobiev.
6:41 of 3rd period - Shot Misses the Net.
6:57 of 3rd period - Andrew MacDonald is hit by Brian Boyle and loses puck.
7:45 of 3rd period - Stephane Veilleux is hit by Mathieu Dandenault and loses puck.
8:05 of 3rd period - Sami Vatanen is hit by Andrew MacDonald and loses puck.
8:18 of 3rd period - Matt Hunwick is hit by Jake Dowell and loses puck.
8:25 of 3rd period - Beau Bennett is hit by Andrew MacDonald and loses puck.
8:36 of 3rd period - Jakub Kindl is hit by Sami Vatanen and loses puck.
9:00 of 3rd period - Wrist shot by Cal O'Reilly.
9:00 of 3rd period - Stopped by Chris Mason with a rebound.
9:02 of 3rd period - Wrist shot by Cal O'Reilly.
9:02 of 3rd period - Goal by Cal O'Reilly - Inferno : 3 - Blackdemons : 3.
9:03 of 3rd period - Patrice Cormier wins face-off versus Vladimir Sobotka in neutral zone.
9:12 of 3rd period - Wrist shot by Matt Irwin.
9:12 of 3rd period - Stopped by Josh Harding without a rebound.
9:13 of 3rd period - Vladimir Sobotka wins face-off versus Patrice Cormier in Inferno zone.
9:13 of 3rd period - Vladimir Sobotka is hit by Zach Boychuk.
9:33 of 3rd period - Snap shot by Stephane Veilleux.
9:33 of 3rd period - Shot Misses the Net.
9:35 of 3rd period - Snap shot by Stephane Veilleux.
9:35 of 3rd period - Shot Misses the Net.
9:37 of 3rd period - Wrist shot by Stephane Veilleux.
9:37 of 3rd period - Shot Misses the Net.
9:47 of 3rd period - Snap shot by Stephane Veilleux.
9:47 of 3rd period - Shot Misses the Net.
10:11 of 3rd period - Wrist shot by Enver Lisin.
10:11 of 3rd period - Deflect By Patrice Cormier.
10:11 of 3rd period - Stopped by Josh Harding without a rebound.
10:12 of 3rd period - Brian Boyle wins face-off versus Shawn Matthias in Inferno zone.
10:23 of 3rd period - Slapshot by Shawn Matthias.
10:23 of 3rd period - Deflect By Barry Tallackson.
10:23 of 3rd period - Shot Misses the Net.
10:23 of 3rd period - Puck is out of play.
10:24 of 3rd period - David Ullstrom wins face-off versus Shawn Matthias in Inferno zone.
10:54 of 3rd period - Snap shot by Cal O'Reilly.
10:54 of 3rd period - Shot Misses the Net.
10:59 of 3rd period - Icing by Jakub Kindl.
11:00 of 3rd period - Vladimir Sobotka wins face-off versus Wayne Primeau in Blackdemons zone.
11:31 of 3rd period - Slapshot by Mathieu Dandenault.
11:31 of 3rd period - Shot Misses the Net.
11:33 of 3rd period - Slapshot by Jakub Kindl.
11:33 of 3rd period - Shot Misses the Net.
11:35 of 3rd period - Slapshot by Andrew MacDonald.
11:35 of 3rd period - Stopped by Josh Harding with a rebound.
11:37 of 3rd period - Slapshot by Andrew MacDonald.
11:37 of 3rd period - Shot Blocked by Derek Peltier.
11:43 of 3rd period - Wrist shot by Wayne Primeau.
11:43 of 3rd period - Stopped by Josh Harding with a rebound.
11:45 of 3rd period - Snap shot by Wayne Primeau.
11:45 of 3rd period - Goal by Wayne Primeau - Inferno : 3 - Blackdemons : 4.
11:46 of 3rd period - Patrice Cormier wins face-off versus Vladimir Sobotka in neutral zone.
11:53 of 3rd period - Snap shot by Enver Lisin.
11:53 of 3rd period - Stopped by Josh Harding with a rebound.
12:01 of 3rd period - Snap shot by Stephane Veilleux.
12:01 of 3rd period - Deflect By Matt Irwin.
12:01 of 3rd period - Stopped by Chris Mason with a rebound.
12:13 of 3rd period - Vladimir Zharkov is hit by Barry Tallackson.
12:33 of 3rd period - Snap shot by Wayne Primeau.
12:33 of 3rd period - Stopped by Josh Harding without a rebound.
12:34 of 3rd period - Wayne Primeau wins face-off versus Christian Folin in Inferno zone.
12:50 of 3rd period - Off-side.
12:51 of 3rd period - Patrice Cormier wins face-off versus Vladimir Sobotka in neutral zone.
13:04 of 3rd period - Wrist shot by Enver Lisin.
13:04 of 3rd period - Shot Misses the Net.
13:06 of 3rd period - Slapshot by Matt Hunwick.
13:06 of 3rd period - Deflect By Enver Lisin.
13:06 of 3rd period - Shot Misses the Net.
13:06 of 3rd period - Puck is out of play.
13:07 of 3rd period - Brian Boyle wins face-off versus Barry Tallackson in Inferno zone.
13:14 of 3rd period - Slapshot by Brian Boyle.
13:14 of 3rd period - Stopped by Chris Mason without a rebound.
13:15 of 3rd period - Brian Boyle wins face-off versus Shawn Matthias in Blackdemons zone.
13:51 of 3rd period - Wrist shot by Shawn Matthias.
13:51 of 3rd period - Stopped by Josh Harding with a rebound.
14:03 of 3rd period - Barry Tallackson is hit by Brian Boyle.
15:22 of 3rd period - David Ullstrom is hit by Michael Haley and loses puck.
17:10 of 3rd period - Wrist shot by Brian Boyle.
17:10 of 3rd period - Stopped by Chris Mason without a rebound.
17:11 of 3rd period - Cal O'Reilly wins face-off versus Patrice Cormier in Blackdemons zone.
17:16 of 3rd period - Slapshot by Cal O'Reilly.
17:16 of 3rd period - Shot Misses the Net.
17:18 of 3rd period - Snap shot by David Savard.
17:18 of 3rd period - Stopped by Chris Mason with a rebound.
17:20 of 3rd period - Slapshot by Christian Folin.
17:20 of 3rd period - Stopped by Chris Mason with a rebound.
17:24 of 3rd period - Wrist shot by Christian Folin.
17:24 of 3rd period - Shot Misses the Net.
17:26 of 3rd period - Slapshot by David Savard.
17:26 of 3rd period - Shot Blocked by Zach Boychuk.
17:36 of 3rd period - Steve Oleksy is hit by Stephane Veilleux and loses puck.
18:17 of 3rd period - Icing by Mathieu Dandenault.
18:18 of 3rd period - Mathieu Dandenault wins face-off versus Vladimir Sobotka in Blackdemons zone.
18:51 of 3rd period - Minor Penalty to Steve Oleksy for Tripping.
18:52 of 3rd period - Pavel Vorobiev wins face-off versus Richard Park in Blackdemons zone.
18:53 of 3rd period - Inferno, Josh Harding is pulled from the net.
19:05 of 3rd period - Wrist shot by Pavel Vorobiev.
19:05 of 3rd period - Deflect By Jakub Kindl.
19:05 of 3rd period - Stopped by Chris Mason with a rebound.
19:07 of 3rd period - Wrist shot by Stephane Veilleux.
19:07 of 3rd period - Shot Misses the Net.
Goals for this period are 1 for Inferno vs 1 for Blackdemons.
Shots for this period are 8 for Inferno vs 11 for Blackdemons.